 Dungeon Crawl Stone Soup version 0.31-a0-845-g9abc20d24f (webtiles) character file.

Game seed: 16105206257471377158

588 Danienth the Magician (level 7, -1/52 HPs)
             Began as a Human Ice Elementalist on Oct 2, 2023.
             Was a Believer of Fedhas.
             Slain by a phantom (5 damage)
             ... on level 4 of the Dungeon.
             The game lasted 00:32:56 (5833 turns).

Danienth the Magician (Human Ice Elementalist)      Turns: 5833, Time: 00:32:58

Health: -1/52      AC:  2    Str:  9    XL:     7   Next: 65%
Magic:  0/15       EV: 13    Int: 15    God:    Fedhas [**....]
Gold:   117        SH:  0    Dex: 15    Spells: 10/17 levels left

rFire   + . .        i - staff of fire
rCold   . . .        (no shield)
rNeg    . . .        a - +0 robe
rPois   .            (no helmet)
rElec   .            (no cloak)
rCorr   .            (no gloves)
SInv    .            (no boots)
Will    .....        (no amulet)
Stlth   ++           (no ring)
HPRegen 0.28/turn    (no ring)
MPRegen 0.14/turn

%: no passive effects
@: weak-willed
A: no striking features
a: Renounce Religion, Wall of Briars


You were on level 4 of the Dungeon.
You worshipped Fedhas.
Fedhas was pleased with you.
You visited 1 branch of the dungeon, and saw 5 of its levels.

You collected 117 gold pieces.

Inventory:

Missiles
 b - 2 poisoned darts
Armour
 a - a +0 robe (worn)
 e - the +6 scale mail of Hangman {rN+}
   (You found it on level 5 of the Dungeon)

   rN+:       It protects you from negative energy.
Magical Staves
 i - a staff of fire (weapon)
Talismans
 c - a serpent talisman
Scrolls
 f - a scroll of vulnerability
Potions
 d - a potion of might {unknown}


   Skills:
 - Level 3.0 Fighting
 - Level 3.0 Dodging
 - Level 2.0 Stealth
 * Level 5.5 Spellcasting
 - Level 5.1 Ice Magic


You had 10 spell levels left.
You knew the following spells:

 Your Spells              Type           Power      Damage    Failure   Level
a - Freeze                Ice            76%        1d8       1%          1
b - Frozen Ramparts       Ice            38%        1d6       6%          3
c - Ozocubu's Armour      Ice            19%        N/A       6%          3

Your spell library contained the following spells:

 Spells                   Type           Power      Damage    Failure   Level
 Summon Ice Beast         Ice/Summ       11%        N/A       47%         4
 Leda's Liquefaction      Hex/Erth       2%         N/A       83%         4
 Lee's Rapid Deconstruct  Erth           2%         3d4*      99%         5
 Bombard                  Conj/Erth      2%         9d1       100%        6


Dungeon Overview and Level Annotations

Branches:
Dungeon (5/15)
 Temple: D:4-7

Altars:
Fedhas
Gozag

Shops:
D:3 *

Annotations:
D:4 Dowan, Duvessa


Message History

Aim: a phantom (lightly damaged, weak-willed, about 47% to evade your staff of fire)
You barely miss the phantom.
The phantom is lightly damaged.
The phantom barely misses you. The phantom hits you!
* * * LOW HITPOINT WARNING * * *
The phantom blinks!
You blink.
Hit: i) staff of fire
Press: ? - help, Dir - move target, f/p - phantom
Aim: a phantom (lightly damaged, weak-willed, about 47% to evade your staff of fire)
You closely miss the phantom.
The phantom is lightly damaged.
The phantom barely misses you.
Hit: i) staff of fire
Press: ? - help, Dir - move target, f/p - phantom
Aim: a phantom (lightly damaged, weak-willed, about 47% to evade your staff of fire)
You hit the phantom.
The phantom is lightly damaged.
The phantom completely misses you.
Hit: i) staff of fire
Press: ? - help, Dir - move target, f/p - phantom
Aim: a phantom (lightly damaged, weak-willed, about 47% to evade your staff of fire)
You hit the phantom but do no damage.
The phantom is lightly damaged.
The phantom misses you.
Casting: Freeze (safe; 1% risk of failure)
Confirm with . or Enter, or press ? or * to list all spells.
Aiming: Freeze (safe; 1% risk of failure)
Press: ? - help, Shift-Dir - straight line, f/p - phantom
Aim: a phantom (lightly damaged, weak-willed)
You freeze the phantom.
The phantom resists.
The phantom is moderately damaged.
The phantom misses you.
Hit: i) staff of fire
Press: ? - help, Dir - move target, f/p - phantom
Aim: a phantom (moderately damaged, weak-willed, about 47% to evade your staff of fire)
You closely miss the phantom.
The phantom is moderately damaged.
The phantom hits you.
You die...
Fedhas appreciates your contribution to the ecosystem.

............# . #.......#
..........#####.##..#.##.#
...................#..##.#
..........####.####..###.#
## ...........#
#.###..###... #8
)..........###.#.....<.....
....+
...........................
## #8
...>.#.....................
...
....##..........@.e........
##.e
########>#.....W......<...#
#.e #..#.........#......#
#.. #.#.........######...
#...........# .. .
##..#........# ##
#...#........#
#####........# #........#


You could see a phantom (weak-willed) and Dowan.

Vanquished Creatures
  A water moccasin (D:5)
  3 scorpions
  A howler monkey (D:5)
  3 hounds (D:5)
  3 gnolls (D:3)
  3 adders
  An ufetubus (D:5)
  A worm (D:4)
  6 orcs
  3 ball pythons
  10 bats
  8 endoplasms
  7 giant cockroaches
  10 goblins
  8 hobgoblins
  6 quokkas
  A frilled lizard (D:1)
  5 kobolds
  2 rats (D:2)
82 creatures vanquished.

Vanquished Creatures (collateral kills)
  An orc wizard (D:4)
  2 orcs (D:4)
  A ball python (D:4)
4 creatures vanquished.

Grand Total: 86 creatures vanquished

Notes
Turn   | Place    | Note
-------+----------+-------------------------------------------
     0 | D:1      | Danienth the Human Ice Elementalist began the quest for the
                  | Orb.
     0 | D:1      | Reached XP level 1. HP: 13/13 MP: 3/3
   497 | D:1      | Reached XP level 2. HP: 20/20 MP: 1/5
   819 | D:1      | Reached skill level 1 in Fighting
   909 | D:1      | Reached XP level 3. HP: 26/26 MP: 4/6
  1945 | D:2      | Found a faded altar of an unknown god.
  2063 | D:2      | Reached XP level 4. HP: 33/33 MP: 6/8
  2104 | D:2      | Prayed at the altar of an unknown god.
  2104 | D:2      | Became a worshipper of Fedhas Madash
  2104 | D:2      | Reached * piety under Fedhas
  2483 | D:3      | Learned a level 3 spell: Frozen Ramparts
  2582 | D:3      | Noticed a scorpion
  2604 | D:3      | Killed a scorpion
  2605 | D:3      | Reached XP level 5. HP: 6/39 MP: 1/9
  2858 | D:3      | Found an opulent altar of Gozag.
  2859 | D:3      | Found Gozag's Platinum Reserve.
  3132 | D:3      | Reached ** piety under Fedhas
  3908 | D:4      | Learned a level 3 spell: Ozocubu's Armour
  4224 | D:4      | Reached XP level 6. HP: 22/47 MP: 3/11
  4754 | D:4      | Noticed Duvessa
  4764 | D:4      | Noticed Dowan
  4798 | D:5      | Entered Level 5 of the Dungeon
  4837 | D:5      | Reached XP level 7. HP: 12/52 MP: 0/13
  5079 | D:5      | Reached skill level 5 in Ice Magic
  5483 | D:5      | Reached skill level 5 in Spellcasting
  5506 | D:5      | Noticed a water moccasin
  5522 | D:5      | Killed a water moccasin
  5794 | D:5      | Identified the +6 scale mail of Hangman {rN+}
  5828 | D:4      | HP: 2/52 [phantom (7)]
  5833 | D:4      | Slain by a phantom

Illustrated notes

Levels and vault maps discovered:
D:1:      amcnicky_arrival_choice, layout_basic, st_stairs_12,
          chequers_hall_statues_y
D:2:      layout_basic, shapermc_ecumenical_altar_petra,
          minmay_worlds_worst_comb
D:3:      layout_rooms, nicolae_gozag_zags_fifth_avenue
D:4:      layout_rooms, jmf_multi_god_temple2, minmay_temple_entry_poolview,
          minmay_misc_feat_secret_circle, uniq_ijyb, uniq_menkaure, uniq_duvessa
D:5:      layout_cave_pods, kennysheep_flooded_box, chequers_big_river

Skill      XL: |  1  2  3  4  5  6  7 |
---------------+----------------------+-----
Fighting       | 1 2 3 |  3.0
Spellcasting   | 3 4 5 |  5.5
Dodging        | 3 |  3.0
Ice Magic      | 5 |  5.1
Stealth        | |  2.0

Action                     |  1- 3 |  4- 6 |  7- 9 || total
---------------------------+-------+-------+-------++-------
  Melee: Unarmed           |     4 |    70 |       ||    74
         Staff             |       |     5 |    10 ||    15
  Throw: Dart              |       |     6 |       ||     6
   Cast: Freeze            |    64 |   100 |    35 ||   199
         Frozen Ramparts   |       |     6 |       ||     6
         Ozocubu's Armour  |       |     3 |       ||     3
 Invoke: Wall of Briars    |       |     1 |     1 ||     2
    Use: Scroll            |     1 |     7 |     1 ||     9
         Potion            |       |     6 |     1 ||     7
   Stab: Sleeping          |     2 |     2 |       ||     4
 Armour: Robe              |    32 |    79 |    28 ||   139
         Skin              |       |    14 |       ||    14
  Dodge: Dodged            |    29 |   101 |    24 ||   154

Table legend: (Time is in decaauts)
 A = Elapsed time spent in this place.
 B = Non-inter-level travel time spent in this place.
 C = Inter-level travel time spent in this place.
 D = Time resting spent in this place.
 E = Time spent auto-exploring this place.
 F = Levels seen in this place.
 G = Mean time per level.
                   A        B        C        D        E       F      G
               +--------+--------+--------+--------+--------+-----+--------+
         Total |   5835 |   5705 |    130 |   2353 |   2540 |   5 | 1167.0 |
       Dungeon |   5835 |   5705 |    130 |   2353 |   2540 |   5 | 1167.0 |
               +--------+--------+--------+--------+--------+-----+--------+

Top non-repeatable levels by time:
     D:4: 1514 daAuts
     D:1: 1496 daAuts
     D:5: 1020 daAuts
     D:2: 980 daAuts
     D:3: 823 daAuts
